 Dungeon Crawl Stone Soup version 0.30-a0-218-gedb9141078 (webtiles) character file.

Game seed: 17458686269897832105

2 Johnny the Chiller (level 1, -1/11 HPs)
             Began as an Octopode Ice Elementalist on Oct 5, 2022.
             Slain by a hobgoblin (5 damage)
             ... on level 1 of the Dungeon.
             The game lasted 00:00:07 (146 turns).

Johnny the Chiller (Octopode Ice Elementalist)       Turns: 146, Time: 00:00:07

Health: -1/11      AC:  1    Str:  7    XL:     1   Next: 30%
Magic:  0/3        EV: 13    Int: 17    God:
Gold:   0          SH:  0    Dex: 12    Spells: 3/4 levels left

rFire   . . .      SeeInvis .    (no weapon)
rCold   . . .      Faith    .    (no shield)
rNeg    . . .      Spirit   .    (helmet restricted)
rPois   .          Reflect  .    (no amulet)
rElec   .          Harm     .    (no ring)
rCorr   .          Rampage  .    (no ring)
Will    .....                    (no ring)
Stlth   +++.......               (no ring)
HPRegen 0.21/turn                (no ring)
MPRegen 0.08/turn                (no ring)
                                 (no ring)
                                 (no ring)

@: very slightly contaminated
A: almost no armour, amphibious, 8 rings, camouflage 1, gelatinous body 1,
(nimble swimmer 1), tentacles
a: no special abilities


You were on level 1 of the Dungeon.
You visited 1 branch of the dungeon, and saw 1 of its levels.

Inventory:

Scrolls
 b - a scroll of amnesia {unknown}
Potions
 a - a potion of magic
 c - a potion of brilliance {unknown}


   Skills:
 * Level 0.2 Fighting
 + Level 2.0 Dodging
 + Level 2.7 Stealth
 + Level 2.0 Spellcasting
 + Level 4.0 Ice Magic


You had 3 spell levels left.
You knew the following spells:

 Your Spells              Type           Power      Damage    Failure   Level
a - Freeze                Ice            60%        1d8       3%          1

Your spell library contained the following spells:

 Spells                   Type           Power      Damage    Failure   Level
 Frozen Ramparts          Ice            30%        1d5       11%         3
 Ozocubu's Armour         Ice            15%        N/A       11%         3
 Summon Ice Beast         Ice/Summ       8%         N/A       63%         4


Dungeon Overview and Level Annotations

Branches:
Dungeon (1/15)

Altars:


Innate Abilities, Weirdness & Mutations

You cannot wear most types of armour.
You are amphibious.
You can wear up to eight rings at the same time.
Your skin changes colour to match your surroundings (Stealth+).
Your rubbery body absorbs attacks. (AC +1, EV +1)
((You are camouflaged when in or above water. (Stealth+)))
You have tentacles for arms and can constrict up to eight enemies at once.


Message History

a +0 dagger; a goblin corpse
Found a stone staircase leading down.
A hobgoblin and a bat come into view.
Found 13 gold pieces.
The helpless hobgoblin fails to defend itself.
You tentacle-slap the hobgoblin. Your grab misses the hobgoblin.
The hobgoblin is lightly wounded.
The hobgoblin hits you.
You closely miss the hobgoblin. Your grab misses the hobgoblin.
Your squeeze misses the hobgoblin.
The hobgoblin is lightly wounded.
The hobgoblin closely misses you.
Casting: Freeze (safe; 3% risk of failure)
Confirm with . or Enter, or press ? or * to list all spells.
Aiming: Freeze (safe; 3% risk of failure)
Press: ? - help, Shift-Dir - straight line, f - hobgoblin
Aim: a hobgoblin (lightly wounded)
You freeze the hobgoblin.
The hobgoblin is moderately wounded.
The hobgoblin barely misses you.
Casting: Freeze (safe; 3% risk of failure)
Confirm with . or Enter, or press ? or * to list all spells.
Aiming: Freeze (safe; 3% risk of failure)
Press: ? - help, Shift-Dir - straight line, f/p - hobgoblin
Aim: a hobgoblin (moderately wounded)
You miscast Freeze.
You are very lightly contaminated with residual magic.
Nothing appears to happen.
The hobgoblin hits you.
There are monsters nearby!
There are monsters nearby!
There are monsters nearby!
Casting: Freeze (safe; 3% risk of failure)
Confirm with . or Enter, or press ? or * to list all spells.
Aiming: Freeze (safe; 3% risk of failure)
Press: ? - help, Shift-Dir - straight line, f/p - hobgoblin
Aim: a hobgoblin (moderately wounded)
You freeze the hobgoblin.
The hobgoblin is heavily wounded.
The hobgoblin hits you.
You die...

.. #.....####...## .....
+.....# #.#.#
#.....#.....####.#.#
#.....#####.)....#.##
####......####.....##>..
......................##
.........##...##+#....#
......g####....>.....###
#.....@................
#......###.#......#####
#....... .........#
#.$.....#..##.....# ###
#..........# .###......
#..........# .# ######
####+#...... .. ...b###
###### ......


You could see a hobgoblin and a bat (asleep).

Vanquished Creatures
  A goblin (D:1)
  A rat (D:1)
2 creatures vanquished.

Notes
Turn   | Place    | Note
-------+----------+-------------------------------------------
     0 | D:1      | Johnny the Octopode Ice Elementalist began the quest for
                  | the Orb.
     0 | D:1      | Reached XP level 1. HP: 11/11 MP: 3/3
   146 | D:1      | Slain by a hobgoblin

Illustrated notes

Levels and vault maps discovered:
D:1:      eino_arrival_cavern_c, layout_basic, chequers_ecumenical_altar_island

Action                   || total
-------------------------++-------
Melee: Unarmed           ||     3
 Cast: Freeze            ||     4
 Stab: Sleeping          ||     2
Dodge: Dodged            ||     3

Table legend: (Time is in decaauts)
 A = Elapsed time spent in this place.
 B = Non-inter-level travel time spent in this place.
 C = Inter-level travel time spent in this place.
 D = Time resting spent in this place.
 E = Time spent auto-exploring this place.
 F = Levels seen in this place.
 G = Mean time per level.
                   A        B        C        D        E       F      G
               +--------+--------+--------+--------+--------+-----+--------+
         Total |    146 |    146 |      0 |      0 |    118 |   1 |  146.0 |
       Dungeon |    146 |    146 |      0 |      0 |    118 |   1 |  146.0 |
               +--------+--------+--------+--------+--------+-----+--------+

Top non-repeatable levels by time:
     D:1: 146 daAuts
